 Dungeon Crawl Stone Soup version 0.28.0-43-g3370ac3207 (webtiles) character file.

Game seed: 1054935358848225818

11377 CryoSword the Cleaver (level 11, -2/101 HPs)
             Began as a Minotaur Fighter on Mar 19, 2022.
             Was a Believer of Uskayaw.
             Slain by an entropy weaver simulacrum (23 damage)
             ... in an ice cave.
             The game lasted 00:17:45 (10864 turns).

CryoSword the Cleaver (Minotaur Fighter)           Turns: 10864, Time: 00:17:46

Health: -2/101     AC: 18    Str: 20    XL:     11   Next: 48%
Magic:  12/12      EV:  8    Int:  5    God:    Uskayaw [**....]
Gold:   555        SH: 10    Dex: 15    Spells: 10/10 levels left

rFire   . . .      SeeInvis .   w - +3 war axe
rCold   . . .      Faith    .   S - +0 kite shield
rNeg    . . .      Spirit   .   F - +0 plate armour
rPois   +          Reflect  .   (helmet restricted)
rElec   .          Harm     .   e - +1 cloak
rCorr   .          Rampage  .   f - +0 pair of gloves
Will    +....                   (no boots)
Stlth   ..........              R - amulet of regeneration
HPRegen 1.06/turn               i - ring of poison resistance
MPRegen 0.13/turn               M - ring of willpower

@: no status effects
A: horns 2, retaliatory headbutt
a: Renounce Religion, Stomp, Line Pass


You were in an ice cave.
You worshipped Uskayaw.
Uskayaw was noncommittal.
You visited 2 branches of the dungeon, and saw 12 of its levels.
You also visited: Sewer and Ice Cave.

You collected 555 gold pieces.

Inventory:

Hand Weapons
 a - a +1 long sword of flaming
   (You took it off Maggie on level 6 of the Dungeon)
 w - a +3 war axe (weapon)
   (You took it off a wight on level 7 of the Dungeon)
Missiles
 h - 2 throwing nets
 q - 2 curare-tipped darts (quivered)
 s - 30 poisoned darts
 A - 8 boomerangs
 O - 3 atropa-tipped darts
Armour
 e - a +1 cloak (worn)
   (You found it on level 1 of the Dungeon)
 f - a +0 pair of gloves (worn)
   (You found it on level 3 of the Dungeon)
 F - a +0 plate armour (worn)
   (You took it off an orc warrior on level 9 of the Dungeon)
 S - a +0 kite shield (worn)
   (You found it on level 11 of the Dungeon)
Jewellery
 i - a ring of poison resistance (left hand)
   (You found it on level 1 of the Dungeon)
 E - a ring of protection from fire
   (You found it on level 7 of the Dungeon)
 L - a ring of positive energy
   (You found it on level 10 of the Dungeon)
 M - a ring of willpower (right hand)
   (You found it on level 10 of the Dungeon)
 N - a ring of fire
   (You found it on level 10 of the Dungeon)
 R - an amulet of regeneration (around neck)
   (You found it on level 11 of the Dungeon)
Wands
 B - a wand of iceblast (11)
   (You found it on level 4 of the Dungeon)
 D - a wand of acid (13)
   (You took it off Maggie on level 6 of the Dungeon)
Scrolls
 b - a scroll of fog {unknown}
 g - 2 scrolls of torment {unknown}
 j - 6 scrolls of enchant armour {unknown}
 k - 5 scrolls of magic mapping
 l - 8 scrolls of teleportation {@r4}
 m - 2 scrolls of vulnerability {unknown}
 t - a scroll of enchant weapon {unknown}
 x - 3 scrolls of noise {unknown}
 y - 2 scrolls of fear {unknown}
 C - a scroll of immolation {unknown}
 I - a scroll of holy word {unknown}
 J - a scroll of identify {@r1}
Potions
 d - a potion of might
 n - 3 potions of attraction {!q}
 o - 3 potions of brilliance {unknown}
 p - 2 potions of cancellation
 r - a potion of invisibility
 u - 2 potions of berserk rage {unknown}
 z - 2 potions of lignification {unknown}
 G - a potion of curing {unknown}
 H - a potion of ambrosia {unknown}
 K - a potion of flight {unknown}
 Q - a potion of resistance {unknown}


   Skills:
 * Level 10.7 Fighting
 * Level 13.0 Axes
 + Level 9.8 Armour
 + Level 9.0 Dodging
 + Level 5.6 Shields
 + Level 3.3 Invocations


You had 10 spell levels left.
You didn't know any spells.
Your spell library contained the following spells:

 Spells                   Type           Power      Damage    Failure   Level
 Apportation              Tloc           0%         N/A       100%        1
 Sandblast                Erth           0%         2d4       100%        1
 Blink                    Tloc           0%         N/A       100%        2
 Corpse Rot               Necr/Air       0%         N/A       100%        2
 Passwall                 Tmut/Erth      0%         N/A       100%        2
 Poisonous Vapours        Pois/Air       0%         N/A       100%        2
 Lesser Beckoning         Tloc           0%         N/A       100%        3
 Stone Arrow              Conj/Erth      0%         3d7       100%        3
 Summon Guardian Golem    Hex/Summ       0%         N/A       100%        3
 Tukima's Dance           Hex            0%         N/A       100%        3
 Anguish                  Hex/Necr       0%         N/A       100%        4
 Alistair's Intoxication  Tmut/Pois      0%         N/A       100%        5
 Manifold Assault         Tloc           0%         N/A       100%        5
 Enfeeble                 Hex            0%         N/A       100%        7
 Orb of Destruction       Conj           0%         9d5       100%        7
 Spellforged Servitor     Conj/Summ      0%         N/A       100%        7


Dungeon Overview and Level Annotations

Branches:
Dungeon (11/15)            Temple (1/1) D:6            Lair (0/6) D:10
  Sewer (visited)           IceCv (1/1)
    Orc: D:9-12

Altars:
Ashenzari
Elyvilon
Fedhas
Gozag
Hepliaklqana
Kikubaaqudgha
Makhleb
Nemelex Xobeh
Okawaru
Sif Muna
Uskayaw
Wu Jian
Yredelemnul
The Shining One

Shops:
D:1 (   D:11 *

Annotations:
D:3 3 runed translucent doors, dangdung's ghost, amateur OpTm
D:8 3 runed translucent doors, Elsvaer's ghost, novice DECj


Innate Abilities, Weirdness & Mutations

You have a pair of horns on your head.
You reflexively headbutt those who attack you in melee.


Message History

The kobold brigand is no longer paralysed.
The kobold is no longer paralysed.
You hit the white imp. You completely miss the white imp.
You hit the white imp but do no damage.
The white imp hits you but does no damage.
You block the white imp's attack. x2
You slash the white imp!
You kill the white imp!
You completely miss the orc. You slash the white imp! You hit the white imp.
The white imp hits you but does no damage. x2
You block the orc's attack.
Uskayaw will force your foes to share their pain.
Uskayaw links your audience in an emotional bond!
You hit the white imp.
You kill the white imp!
You slash the orc!
You kill the orc!
You closely miss the kobold. You slash the white imp!
You kill the white imp!
You hear the faint crackling of a melting archway.
The kobold brigand throws a poisoned dart.
The poisoned dart hits you!
The kobold hits you with a +0 short sword.
The orc wizard casts a spell.
The orc wizard flickers and vanishes!
Deactivating autopickup; reactivate with Ctrl-A.
The kobold hits you but does no damage.
You barely miss the orc priest.
You hit the kobold brigand but do no damage.
You completely miss the kobold.
The orc priest hits you but does no damage.
You block the kobold's attack. You block the kobold brigand's attack.
You barely miss the orc priest. You headbutt the orc priest!
You barely miss the kobold.
You hit the kobold brigand but do no damage.
You block the orc priest's attack.
The kobold brigand hits you with a +0 whip.
The kobold barely misses you.
You slash the orc priest!
You kill the orc priest!
You closely miss the kobold. You closely miss the orc warrior.
You hit the kobold brigand.
You kill the kobold!
The orc warrior is no longer sharing its pain.
The kobold brigand is no longer sharing its pain.
The orc warrior hits you with a +0 mace.
The kobold brigand barely misses you.
You can now merge with and destroy a victim.
You closely miss the orc warrior. You barely miss something.
You slash the kobold brigand!
The orc wizard gestures at you while chanting.
The magic dart hits you but does no damage.
Something hits you but does no damage.
The orc warrior hits you with a +0 mace.
The kobold brigand hits you but does no damage.
You barely miss the kobold brigand. You headbutt the kobold brigand.
You hit the orc warrior. You closely miss something.
Something completely misses you. The orc warrior barely misses you.
You closely miss the kobold brigand. You closely miss something.
You hit the orc wizard. You closely miss the orc warrior.
You block the kobold brigand's attack. Something hits you but does no damage.
The orc warrior hits you with a +0 mace.
You block the orc wizard's attack. You block the kobold brigand's attack.
You slash the kobold brigand!
You kill the kobold brigand!
You barely miss something. You hit the orc wizard.
You hit the orc warrior but do no damage.
You block the orc warrior's attack. You block the orc wizard's attack.
Something hits you but does no damage.
You barely miss the orc warrior. You hit the orc wizard. You miss something.
The orc wizard hits you but does no damage.
The orc warrior hits you with a +0 mace!
Something hits you but does no damage.
You slash the orc warrior!
You headbutt the orc warrior, but do no damage.
You slash something! You closely miss the orc wizard.
Something hits you but does no damage.
The orc warrior hits you but does no damage.
The orc wizard hits you but does no damage.
You slash the orc warrior! You slash something!
Reactivating autopickup.
You feel a bit more experienced.
You hit the orc wizard but do no damage.
The orc warrior hits you with a +0 mace.
The orc wizard points at you and mumbles some strange words.
You block the puff of flame.
You hit the orc warrior but do no damage.
You slash the orc wizard!
Uskayaw links your audience in an emotional bond!
You barely miss the orc warrior. Your headbutt misses the orc warrior.
You barely miss the orc wizard. You block the orc warrior's attack.
The orc wizard hits you but does no damage.
You barely miss the orc warrior. You slash the orc wizard!
You kill the orc wizard!
The orc warrior barely misses you.
You closely miss the orc warrior.
The orc warrior hits you with a +0 mace.
You slash the orc warrior!
You kill the orc warrior!
Items here: )) [ †.
Found Duses's Assorted Antiques.
There is a frozen archway here.
The world spins around you as you enter the gateway.
You enter an ice cave!
Found an ice covered gate leading back out of this place.
There is an ice choked empty arch of ancient stone here.
An entropy weaver simulacrum comes into view.
An entropy weaver simulacrum is nearby!
An entropy weaver simulacrum is nearby!
A glowing shapeshifter simulacrum comes into view.
The entropy weaver simulacrum hits you.
The entropy weaver simulacrum freezes you!!
The entropy weaver simulacrum barely misses you.
The entropy weaver simulacrum hits you but does no damage. x2
You slash the entropy weaver simulacrum!
Your headbutt misses the entropy weaver simulacrum.
The entropy weaver simulacrum closely misses you.
The entropy weaver simulacrum barely misses you.
The entropy weaver simulacrum hits you but does no damage. x2
You slash the entropy weaver simulacrum!
You can now pass through a line of other dancers.
You slash the entropy weaver simulacrum!
You headbutt the entropy weaver simulacrum, but do no damage.
The entropy weaver simulacrum hits you but does no damage.
The entropy weaver simulacrum barely misses you.
The entropy weaver simulacrum misses you.
The entropy weaver simulacrum hits you but does no damage.
You closely miss the entropy weaver simulacrum.
The entropy weaver simulacrum hits you.
The entropy weaver simulacrum freezes you!!
* * * LOW HITPOINT WARNING * * *
The entropy weaver simulacrum hits you but does no damage. x3
You are too injured to fight recklessly!
You are too injured to fight recklessly!
You are too injured to fight recklessly!
You hit the entropy weaver simulacrum.
You headbutt the entropy weaver simulacrum.
The entropy weaver simulacrum hits you but does no damage. x2
The entropy weaver simulacrum hits you.
* * * LOW HITPOINT WARNING * * *
The entropy weaver simulacrum freezes you!!
* * * LOW HITPOINT WARNING * * *
You block the entropy weaver simulacrum's attack.
You block the glowing shapeshifter simulacrum's attack.
You hit the entropy weaver simulacrum.
The entropy weaver simulacrum hits you but does no damage.
The entropy weaver simulacrum hits you!
* * * LOW HITPOINT WARNING * * *
The entropy weaver simulacrum freezes you!!
You die...

.# ...### #
#.....### ###..
#.....#####....
#.........#
####.Z.####
##Z## ##@##
##...## #..∩..#
##.∩.## #####


You could see a glowing shapeshifter simulacrum and an entropy weaver
simulacrum.

Vanquished Creatures
  Harold (D:7)
  3 two-headed ogres
  Nergalle (D:10)
  Joseph (D:7)
  Maggie (D:6)
  A kobold demonologist (D:9)
  2 trolls
  Prince Ribbit (D:5)
  4 wyverns
  Sigmund (D:2)
  2 shadows (D:9)
  2 wraiths
  A basilisk (D:10)
  2 yaks
  2 steam dragons
  Menkaure (D:6)
  Edmund (D:5)
  A water moccasin (D:6)
  Duvessa (D:6)
  3 orc warriors
  A sky beast (D:6)
  3 black bears
  Pargi (D:3)
  A necrophage (D:8)
  4 centaurs
  A phantom (D:6)
  Blork the orc (D:4)
  5 kobold brigands
  4 bullfrogs
  2 scorpions (D:5)
  A water moccasin skeleton (D:5)
  A wyvern skeleton (D:5)
  Dowan (D:6)
  9 wights
  4 killer bees
  3 electric eels (D:8)
  A howler monkey (D:8)
  A bullfrog zombie (D:5)
  6 centaur zombies
  2 hounds
  2 jellies
  9 orc priests
  Crazy Yiuf (D:3)
  A bullfrog skeleton (D:7)
  Jessica (D:3)
  13 orc wizards
  A hound skeleton (D:4)
  3 howler monkey zombies
  11 adders
  5 river rats
  2 shadow imps
  14 white imps
  An ufetubus (D:5)
  3 worms
  A dart slug (D:4)
  40 orcs
  9 ball pythons
  9 endoplasms
  3 giant cockroaches
  8 goblins
  6 hobgoblins
  A jackal (Sewer)
  23 kobolds
  9 quokkas
  4 bats
  A frilled lizard (D:3)
  8 rats
273 creatures vanquished.

Vanquished Creatures (others)
  2 fungi (D:3)
  34 plants
36 creatures vanquished.

Grand Total: 309 creatures vanquished

Notes
Turn   | Place    | Note
-------+----------+-------------------------------------------
     0 | D:1      | CryoSword the Minotaur Fighter began the quest for the Orb.
     0 | D:1      | Reached XP level 1. HP: 19/19 MP: 0/0
   259 | D:1      | Reached skill level 3 in Axes
   259 | D:1      | Reached XP level 2. HP: 27/27 MP: 1/1
   607 | D:1      | Found Abudiram's Weapon Shop.
   869 | D:2      | Reached skill level 4 in Axes
   869 | D:2      | Reached XP level 3. HP: 26/33 MP: 2/2
  1039 | D:2      | Reached XP level 4. HP: 38/41 MP: 3/3
  1147 | D:2      | Found a faded altar of an unknown god.
  1220 | D:2      | Noticed Sigmund
  1231 | D:2      | Killed Sigmund
  1232 | D:2      | Reached skill level 5 in Axes
  1232 | D:2      | Reached skill level 1 in Dodging
  1232 | D:2      | Reached XP level 5. HP: 41/47 MP: 4/4
  1510 | D:3      | Found a glowing drain.
  1519 | D:3      | Reached skill level 5 in Fighting
  1519 | D:3      | Reached skill level 5 in Armour
  1519 | D:3      | Reached XP level 6. HP: 29/56 MP: 5/5
  1668 | Sewer    | Entered a sewer
  1973 | Sewer    | Reached skill level 6 in Axes
  2187 | Sewer    | Reached XP level 7. HP: 38/61 MP: 6/6
  2545 | D:3      | Noticed Pargi
  2565 | D:3      | Killed Pargi
  2817 | D:3      | Found a glowing golden altar of the Shining One.
  3100 | D:3      | Found a runed translucent door.
  3101 | D:3      | Noticed Crazy Yiuf
  3216 | D:3      | Found a basalt altar of Yredelemnul.
  3414 | D:3      | Noticed Jessica
  3430 | D:3      | Killed Jessica
  3431 | D:3      | Reached skill level 7 in Axes
  3507 | D:3      | Found a runed translucent gate.
  3507 | D:3      | Found a runed translucent gate.
  3507 | D:3      | Found a runed translucent gate.
  3533 | D:3      | Noticed dangdung's ghost (amateur OpTm)
  3622 | D:3      | Killed Crazy Yiuf
  3892 | D:4      | Found an iron altar of Okawaru.
  4258 | D:4      | Reached XP level 8. HP: 69/70 MP: 7/7
  4334 | D:5      | Entered Level 5 of the Dungeon
  4339 | D:5      | Noticed Edmund
  4614 | D:5      | Reached skill level 8 in Axes
  4627 | D:5      | Noticed Prince Ribbit
  4635 | D:5      | Noticed Blork the orc
  4683 | D:4      | Killed Blork the orc
  4711 | D:5      | Killed Prince Ribbit
  5080 | D:5      | Killed Edmund
  5081 | D:5      | Reached skill level 9 in Axes
  5223 | D:6      | Noticed Menkaure
  5239 | D:6      | Reached skill level 5 in Dodging
  5242 | D:6      | Killed Menkaure
  5243 | D:6      | Reached XP level 9. HP: 60/79 MP: 6/8
  5379 | D:6      | Noticed Duvessa
  5379 | D:6      | Noticed Dowan
  5389 | D:6      | Killed Duvessa
  5394 | D:6      | Killed Dowan
  5552 | D:6      | Noticed Maggie
  5577 | D:6      | Killed Maggie
  5583 | D:6      | Reached skill level 10 in Axes
  5804 | D:6      | Found an ancient bone altar of Kikubaaqudgha.
  5876 | D:6      | Found a staircase to the Ecumenical Temple.
  5885 | Temple   | Entered the Ecumenical Temple
  5934 | Temple   | Became a worshipper of Uskayaw the Reveller
  6111 | D:6      | Found an opulent altar of Gozag.
  6112 | D:6      | Found a shimmering blue altar of Sif Muna.
  6112 | D:6      | Found a white marble altar of Elyvilon.
  6116 | D:6      | Found a sparkling altar of Nemelex Xobeh.
  6119 | D:6      | Found an ornate altar of the Wu Jian Council.
  6120 | D:6      | Found a hazy altar of Hepliaklqana.
  6122 | D:6      | Found a broken altar of Ashenzari.
  6423 | D:7      | Noticed Joseph
  6434 | D:7      | Reached * piety under Uskayaw
  6436 | D:7      | Reached ** piety under Uskayaw
  6441 | D:7      | Reached *** piety under Uskayaw
  6443 | D:7      | Reached **** piety under Uskayaw
  6445 | D:7      | Killed Joseph
  6452 | D:7      | Reached ***** piety under Uskayaw
  6643 | D:7      | Noticed Harold
  6656 | D:7      | Killed Harold
  6657 | D:7      | Reached skill level 11 in Axes
  6657 | D:7      | Reached XP level 10. HP: 37/90 MP: 4/9
  6780 | D:7      | Noticed a two-headed ogre
  7175 | D:7      | Found a burning altar of Makhleb.
  7400 | D:7      | Killed a two-headed ogre
  7684 | D:8      | Noticed a two-headed ogre
  7743 | D:8      | Killed a two-headed ogre
  7744 | D:8      | Reached skill level 1 in Invocations
  7928 | D:8      | Found a runed translucent gate.
  7928 | D:8      | Found a runed translucent gate.
  7932 | D:8      | Found a runed translucent gate.
  7935 | D:8      | Noticed Elsvaer's ghost (novice DECj)
  8210 | D:8      | Reached skill level 12 in Axes
  8768 | D:9      | Noticed a rust devil
  9135 | D:9      | Reached XP level 11. HP: 99/99 MP: 11/11
  9271 | D:9      | Reached skill level 10 in Fighting
  9525 | D:10     | Entered Level 10 of the Dungeon
  9555 | D:10     | Found a blossoming altar of Fedhas.
  9602 | D:10     | Noticed a two-headed ogre
  9667 | D:10     | Reached skill level 5 in Shields
  9893 | D:10     | Found a staircase to the Lair.
 10117 | D:10     | Killed a two-headed ogre
 10299 | D:10     | Noticed Nergalle
 10312 | D:10     | Killed Nergalle
 10715 | D:11     | Reached skill level 13 in Axes
 10803 | D:11     | Found a frozen archway.
 10827 | D:11     | Reached ****** piety under Uskayaw
 10836 | D:11     | Found Duses's Assorted Antiques.
 10838 | IceCv    | Entered an ice cave
 10864 | IceCv    | Slain by an entropy weaver simulacrum

Illustrated notes

Levels and vault maps discovered:
D:1:      matt_arrival_diagonals, layout_loops_ring, serial_shops,
          nicolae_shop_bloodbath_and_beyond
D:2:      layout_rooms, nicolae_ecumenical_snake_handling, minivault_19,
          uniq_sigmund
D:3:      layout_basic, grunt_temple_overflow_holy_war,
          cheibrodos_sewer_entry_sluice, serial_corexii_hall,
          corexii_hall_statues_l, corexii_hall_statues_x,
          corexii_hall_statues_s, gammafunk_ghost_nasty_kobolds,
          grunt_decor_clamped, minmay_misc_feat_hallway, corexii_corridor_pit,
          grunt_ministairs_10, uniq_jessica, uniq_pargi, uniq_crazy_yiuf_cottage
D:4:      layout_loops_ring, kennysheep_okawaru_gauntlet,
          kennysheep_decorative_pillar
D:5:      layout_cave_pools, st_stairs_13, uniq_blork_the_orc, uniq_edmund,
          uniq_prince_ribbit1
D:6:      layout_loops_corners, nicolae_kikubaaqudgha_miasma_corner, minitemple,
          lemuel_temple_firewalk_b, uniq_maggie, uniq_menkaure, uniq_duvessa
D:7:      layout_loops_ring, lightli_temple_of_fire, kennysheep_generic_room_9,
          uniq_harold, uniq_joseph
D:8:      layout_loops_ring, serial_bayou, serial_bayou_pond_b,
          serial_bayou_lagoon_a, serial_bayou_pond_d, serial_bayou_shore_b,
          gammafunk_ghost_spectres, minivault_24, minivault_27
D:9:      layout_basic, st_stairs_9, grunt_decor_cap
D:10:     layout_basic, mainiacjoe_overflow_paths, david_lair_generic,
          minmay_orc_keep, uniq_nergalle
D:11:     layout_cross, minmay_orc_entry_temple_small, serial_shops, shop,
          portal_ice_cave_entry_imps, bh_circular_ruins
Temple:   nicolae_temple_figure_zero
IceCv:    ice_cave_hellmonk_azure_passage

Skill      XL: |  1  2  3  4  5  6  7  8  9 10 11 |
---------------+----------------------------------+-----
Axes           | 3 4 5 6 7 9 11 12 13 | 13.0
Fighting       | 4 5 6 7 8 9 10 | 10.7
Armour         | 4 5 6 7 8 9 |  9.8
Dodging        | 1 2 3 5 7 8 9 |  9.0
Invocations    | 2 3 |  3.3
Shields        | 4 5 |  5.6

Action                   |  1- 3 |  4- 6 |  7- 9 | 10-12 || total
-------------------------+-------+-------+-------+-------++-------
Melee: War axe           |    65 |   125 |   345 |   283 ||   818
       Headbutt          |     4 |    20 |    73 |    62 ||   159
Invok: Line Pass         |       |       |       |     2 ||     2
  Use: Scroll            |       |       |     7 |       ||     7
       Potion            |       |       |     3 |     4 ||     7
 Stab: Paralysed         |       |       |     4 |    24 ||    28
       Invisible         |       |       |     4 |     1 ||     5
       Confused          |       |       |       |     1 ||     1
Armor: Scale mail        |    46 |    56 |    24 |       ||   126
       Troll leather arm |       |       |   102 |    27 ||   129
       Plate armour      |       |       |       |   117 ||   117
Dodge: Dodged            |    33 |    56 |   164 |   159 ||   412
Block: Buckler           |    18 |    25 |    77 |    64 ||   184
       Kite shield       |       |       |       |    21 ||    21
